Avalanche vs Sharks

Created - April-19-14 at 11:07

Goals
1 2 3 OT1 T
Avalanche 0 1 2 1 4
Sharks 1 2 0 0 3
Shots
1 2 3 OT1 T
Avalanche 7 14 10 6 37
Sharks 11 13 4 0 28

1st period

1. Sharks , Kyle Turris 2 (Ryan Malone) at 14:36

Penalties :
Alexei Emelin (COL) for Hooking (Minor) at 3:23, Michael Del Zotto (COL) for Charging (Minor) at 6:52, John Carlson (COL) for Holding Stick (Minor) at 7:11

2nd period

2. Sharks , Martin Havlat 2 (Kyle Turris, Jordan Leopold) at 4:17 (PP)
3. Avalanche , Michael Del Zotto 1 (Radim Vrbata, John Carlson) at 13:05 (PP)
4. Sharks , Michael Kostka 2 (Shane Doan, Alex Tanguay) at 15:06 (PP)

Penalties :
Patrik Elias (COL) for Hooking (Minor) at 2:39, Chris Butler (SJS) for Charging (Minor) at 9:41, Johan Franzen (COL) for Slashing (Minor) at 9:41, Mark Giordano (SJS) for Fighting (Major) at 11:51, Kevin Shattenkirk (COL) for Fighting (Major) at 11:51, Mark Giordano (SJS) for instigated a fight (Game Misconduct) at 11:51, Brian Gionta (COL) for Holding Stick (Minor) at 14:46

3rd period

5. Avalanche , Brian Gionta 3 (Marcus Johansson, Rob Scuderi) at 10:32
6. Avalanche , Marian Hossa 2 (Derek Stepan, Kevin Shattenkirk) at 11:35

Penalties :
Derek Stepan (COL) for Hooking (Minor) at 4:34, Jordan Leopold (SJS) for Holding (Minor) at 7:56, Marcus Johansson (COL) for Roughing (Minor) at 7:56

Overtime #1

7. Avalanche , Brian Gionta 4 (Marcus Johansson, Alexei Emelin) at 2:14

Penalties :
No Penalty

Goalie Stats

Antti Niemi (COL), 25 saves from 28 shots - (0.893), W, 3-3-0, 62:15 minutes
Jonas Hiller (SJS), 33 saves from 37 shots - (0.892), OTL, 3-1-2, 62:15 minutes

Players Stats for Avalanche

Player Name              G  A  P  +/- PIM S  H  SB GA TA FO     MP     PP MP  PK MP  
------------------------------------------------------------------------------------
Alexei Emelin            0  1  1   2  2   0  2  1  0  0  0/0    15:59   0:46   1:18 
Brian Gionta             2  0  2   1  2   5  0  1  0  0  3/6    17:27   0:00   1:57 
Cody Hodgson             0  0  0   1  0   0  0  0  0  0  5/15   15:38   0:00   0:38 
Derek Stepan             0  1  1   1  2   5  1  0  0  0  26/40  22:35   0:46   3:00 
Johan Franzen            0  0  0   0  2   3  3  0  0  0  1/1    19:32   0:28   1:35 
John Carlson             0  1  1  -1  2   1  1  1  0  0  0/0    25:19   0:28   3:18 
Jordan Staal             0  0  0   0  0   3  3  0  0  0  13/20  23:59   0:28   5:09 
Kevin Klein              0  0  0   1  0   0  0  0  0  0  0/0    21:50   0:46   2:56 
Kevin Porter             0  0  0   0  0   0  0  0  0  0  1/2     1:33   0:00   0:17 
Kevin Shattenkirk        0  1  1   1  5   0  1  1  0  0  0/0    20:32   0:00   3:44 
Lauri Korpikoski         0  0  0   0  0   0  0  0  0  0  1/4     1:13   0:00   1:13 
Marcus Johansson         0  2  2   1  2   4  1  0  0  0  0/1    14:59   0:00   0:00 
Marian Hossa             1  0  1   1  0   4  1  1  0  0  1/2    17:50   0:46   0:00 
Michael Del Zotto        1  0  1  -1  2   2  3  2  0  0  0/0    25:25   0:28   3:25 
Patrik Elias             0  0  0   1  2   3  1  0  0  0  2/4    19:53   0:46   0:59 
Radim Vrbata             0  1  1   0  0   7  0  0  0  0  0/1    16:53   0:28   0:00 
Rob Scuderi              0  1  1   2  0   0  0  0  0  0  0/0    15:21   0:00   1:46 
Scottie Upshall          0  0  0   0  0   0  0  0  0  0  0/0     1:16   0:00   0:00 

Players Stats for Sharks

Player Name              G  A  P  +/- PIM S  H  SB GA TA FO     MP     PP MP  PK MP  
------------------------------------------------------------------------------------
Alex Tanguay             0  1  1  -1  0   0  0  1  0  0  1/2    23:14   4:36   0:00 
Andrew Shaw              0  0  0   0  0   2  3  0  0  0  10/16   8:18   0:00   0:00 
Chris Butler             0  0  0   0  2   0  0  0  0  0  0/0    13:00   0:00   0:24 
Drew Stafford            0  0  0  -2  0   1  0  0  0  0  0/0    10:38   0:00   0:00 
Jannik Hansen            0  0  0  -1  0   2  3  0  0  0  0/2    20:28   3:38   0:50 
Jordan Leopold           0  1  1   0  2   5  5  1  0  0  0/0    26:01   3:13   0:50 
Kyle Quincey             0  0  0   1  0   2  2  1  0  0  0/0    27:03   0:00   0:50 
Kyle Turris              1  1  2   1  0   3  0  0  0  0  10/31  18:51   3:38   0:00 
Mark Giordano            0  0  0   0  17  2  3  1  0  0  0/0    14:36   3:29   0:00 
Martin Havlat            1  0  1   0  0   1  0  0  0  0  0/0    11:31   3:13   0:00 
Matt Niskanen            0  0  0  -2  0   1  1  2  0  0  0/0    28:34   5:01   0:00 
Michael Kostka           1  0  1  -3  0   1  1  2  0  0  0/0    12:00   1:32   0:24 
Rich Peverley            0  0  0  -2  0   0  0  0  0  0  9/14   11:02   0:00   0:24 
Rob Klinkhammer          0  0  0  -2  0   2  2  0  0  0  1/2    11:02   0:00   0:24 
Ryan Malone              0  1  1   1  0   1  3  1  0  0  0/0    17:31   3:38   0:00 
Shane Doan               0  1  1   1  0   2  3  0  0  0  0/3    20:39   4:36   0:50 
Tyler Bozak              0  0  0  -1  0   2  1  0  0  0  12/26  23:14   4:36   0:00 
Viktor Stalberg          0  0  0   0  0   1  1  0  0  0  0/0     8:18   0:00   0:00 

3 Stars

1 - Brian Gionta (COL)
2 - Kyle Turris (SJS)
3 - Marian Hossa (COL)

Power Play

Avalanche - 1 on 1 Attempt(s) - 100.00%
Sharks - 2 on 6 Attempt(s) - 33.33%

Penalty Kill

Avalanche - 4 on 6 Attempt(s) - 66.67% - Score 0 goal in Penalty Kill
Sharks - 0 on 1 Attempt(s) - 0.00% - Score 0 goal in Penalty Kill

Official

Referees : Jon Mclsaac and Marc Joannette
Linesman : Brian Murphy and Shane Heyer

Game Notes

Mark Giordano and Kevin Shattenkirk fight to a draw at 11:51 of 2nd period
Mark Giordano ejected from game at 11:51 of 2nd period
Mark Giordano from Sharks is suspended for 1 game(s)

Finance

Level 1 -- Attendance: 6334 (97.45%) -- Ticket Income $633,400
Level 2 -- Attendance: 5000 (100.00%) -- Ticket Income $300,000
Level 3 -- Attendance: 3500 (100.00%) -- Ticket Income $122,500
Level 4 -- Attendance: 1496 (100.00%) -- Ticket Income $29,920
Luxury Box -- Attendance: 1000 (100.00%) -- Ticket Income $200,000
Game was played at the HP Pavilion center
Total Attendance: 17330 (99.05%)
Total Ticket Income: $1,285,820
Other Income: $192,873
Total Income: $1,478,693


% Time on Ice - Avalanche

Lines # - Real PCT - Wanted PCT - Time Play
Normal Forward
1 - 33% - 35% - 16:08
2 - 34% - 35% - 16:25
3 - 31% - 30% - 15:00
4 - 3% - 0% - 1:16
Normal Defense
1 - 38% - 40% - 18:31
2 - 33% - 30% - 16:07
3 - 27% - 20% - 13:06
4 - 2% - 10% - 1:05
PP Forward
1 - 62% - 50% - 0:46
2 - 38% - 50% - 0:28
PP Defense
1 - 38% - 50% - 0:28
2 - 62% - 50% - 0:46
PK Forward
1 - 76% - 60% - 4:59
2 - 24% - 40% - 1:35
PK Defense
1 - 55% - 60% - 3:38
2 - 45% - 40% - 2:56
PK3 Forward
1 - 73% - 60% - 1:13
2 - 27% - 40% - 0:27
PK3 Defense
1 - 100% - 60% - 1:40
2 - 0% - 40% - 0:00
44 Forward
1 - 49% - 50% - 1:57
2 - 51% - 50% - 2:01
44 Defense
1 - 49% - 50% - 1:57
2 - 51% - 50% - 2:01
Last Minute Offensive  - 0:00
Last Minute Defensive  - 0:00
Total
Forward - 62:15
Defense - 62:15

% Time on Ice - Sharks

Lines # - Real PCT - Wanted PCT - Time Play
Normal Forward
1 - 33% - 33% - 16:00
2 - 28% - 30% - 13:53
3 - 22% - 20% - 10:38
4 - 17% - 17% - 8:18
Normal Defense
1 - 48% - 45% - 23:22
2 - 30% - 35% - 14:47
3 - 22% - 20% - 10:40
4 - 0% - 0% - 0:00
PP Forward
1 - 56% - 60% - 4:36
2 - 44% - 40% - 3:38
PP Defense
1 - 61% - 60% - 5:01
2 - 39% - 40% - 3:13
PK Forward
1 - 68% - 60% - 0:50
2 - 32% - 40% - 0:24
PK Defense
1 - 68% - 60% - 0:50
2 - 32% - 40% - 0:24
PK3 Forward
1 - 0% - 60%
2 - 0% - 40%
PK3 Defense
1 - 0% - 60%
2 - 0% - 40%
44 Forward
1 - 66% - 60% - 2:38
2 - 34% - 40% - 1:20
44 Defense
1 - 45% - 60% - 1:46
2 - 55% - 40% - 2:12
Last Minute Offensive  - 0:00
Last Minute Defensive  - 0:00
Total
Forward - 62:15
Defense - 62:15

Play by Play

1st period


0:01 of 1st period - Tyler Bozak wins face-off versus Derek Stepan in neutral zone.
0:09 of 1st period - Icing by John Carlson.
0:10 of 1st period - Kyle Turris wins face-off versus Derek Stepan in Avalanche zone.
0:26 of 1st period - Icing by Kyle Quincey.
0:27 of 1st period - Jordan Staal wins face-off versus Kyle Turris in Sharks zone.
0:57 of 1st period - Icing by Jordan Staal.
0:58 of 1st period - Rich Peverley wins face-off versus Jordan Staal in Avalanche zone.
1:21 of 1st period - Shot by Johan Franzen.
1:21 of 1st period - Stopped by Jonas Hiller without a rebound.
1:22 of 1st period - Tyler Bozak wins face-off versus Cody Hodgson in Sharks zone.
1:22 of 1st period - Jannik Hansen is hit by Alexei Emelin and loses puck.
1:34 of 1st period - Shot by Tyler Bozak.
1:34 of 1st period - Stopped by Antti Niemi without a rebound.
1:35 of 1st period - Andrew Shaw wins face-off versus Derek Stepan in Avalanche zone.
2:10 of 1st period - Marian Hossa is hit by Mark Giordano and loses puck.
2:47 of 1st period - Shot by Jannik Hansen.
2:47 of 1st period - Stopped by Antti Niemi with a rebound.
2:49 of 1st period - Shot by Kyle Quincey.
2:49 of 1st period - Stopped by Antti Niemi without a rebound.
2:50 of 1st period - Jordan Staal wins face-off versus Rich Peverley in Avalanche zone.
3:02 of 1st period - Shot by Radim Vrbata.
3:02 of 1st period - Stopped by Jonas Hiller without a rebound.
3:03 of 1st period - Cody Hodgson wins face-off versus Tyler Bozak in Sharks zone.
3:12 of 1st period - Shot by Marcus Johansson.
3:12 of 1st period - Stopped by Jonas Hiller without a rebound.
3:13 of 1st period - Cody Hodgson wins face-off versus Kyle Turris in Sharks zone.
3:23 of 1st period - Minor Penalty to Alexei Emelin for Hooking.
3:24 of 1st period - Derek Stepan wins face-off versus Tyler Bozak in Avalanche zone.
3:48 of 1st period - Derek Stepan is hit by Tyler Bozak and loses puck.
4:34 of 1st period - Kevin Shattenkirk is hit by Jannik Hansen and loses puck.
5:42 of 1st period - Icing by Kyle Quincey.
5:43 of 1st period - Brian Gionta wins face-off versus Rob Klinkhammer in Sharks zone.
5:53 of 1st period - Icing by Kevin Porter.
5:54 of 1st period - Kevin Porter wins face-off versus Andrew Shaw in Avalanche zone.
5:54 of 1st period - Kevin Porter is hit by Viktor Stalberg.
5:57 of 1st period - Brian Gionta is hit by Andrew Shaw and loses puck.
6:13 of 1st period - Off-side.
6:14 of 1st period - Tyler Bozak wins face-off versus Jordan Staal in neutral zone.
6:14 of 1st period - Tyler Bozak is hit by Jordan Staal.
6:30 of 1st period - Shot by Radim Vrbata.
6:30 of 1st period - Stopped by Jonas Hiller without a rebound.
6:31 of 1st period - Derek Stepan wins face-off versus Kyle Turris in Sharks zone.
6:31 of 1st period - Derek Stepan is hit by Jordan Leopold.
6:40 of 1st period - Icing by Jordan Leopold.
6:41 of 1st period - Jordan Staal wins face-off versus Kyle Turris in Sharks zone.
6:41 of 1st period - John Carlson is hit by Jordan Leopold and loses puck.
6:51 of 1st period - Kyle Turris is hit by Michael Del Zotto and loses puck.
6:52 of 1st period - Minor Penalty to Michael Del Zotto for Charging.
6:53 of 1st period - Derek Stepan wins face-off versus Shane Doan in Avalanche zone.
7:11 of 1st period - Minor Penalty to John Carlson for Holding Stick.
7:12 of 1st period - Kyle Turris wins face-off versus Lauri Korpikoski in Avalanche zone.
7:17 of 1st period - Shot by Jordan Leopold.
7:17 of 1st period - Stopped by Antti Niemi without a rebound.
7:18 of 1st period - Tyler Bozak wins face-off versus Lauri Korpikoski in Avalanche zone.
7:23 of 1st period - Shot by Mark Giordano.
7:23 of 1st period - Stopped by Antti Niemi with a rebound.
8:19 of 1st period - Off-side.
8:20 of 1st period - Lauri Korpikoski wins face-off versus Jannik Hansen in neutral zone.
8:31 of 1st period - Shot by Ryan Malone.
8:31 of 1st period - Stopped by Antti Niemi with a rebound.
8:33 of 1st period - Shot by Jordan Leopold.
8:33 of 1st period - Stopped by Antti Niemi without a rebound.
8:34 of 1st period - Kyle Turris wins face-off versus Lauri Korpikoski in Avalanche zone.
8:47 of 1st period - Shot by Jordan Leopold.
8:47 of 1st period - Shot Blocked by Alexei Emelin.
8:49 of 1st period - Shot by Martin Havlat.
8:49 of 1st period - Shot Misses the Net.
8:51 of 1st period - Shot by Jannik Hansen.
8:51 of 1st period - Shot Misses the Net.
9:18 of 1st period - Cody Hodgson is hit by Mark Giordano and loses puck.
9:44 of 1st period - Off-side.
9:45 of 1st period - Tyler Bozak wins face-off versus Jordan Staal in neutral zone.
9:54 of 1st period - Shot by Jannik Hansen.
9:54 of 1st period - Shot Misses the Net.
10:08 of 1st period - Shot by Alex Tanguay.
10:08 of 1st period - Shot Misses the Net.
10:10 of 1st period - Shot by Chris Butler.
10:10 of 1st period - Shot Blocked by Kevin Shattenkirk.
10:12 of 1st period - Shot by Kyle Quincey.
10:12 of 1st period - Stopped by Antti Niemi without a rebound.
10:13 of 1st period - Derek Stepan wins face-off versus Kyle Turris in Avalanche zone.
10:48 of 1st period - Shot by Derek Stepan.
10:48 of 1st period - Stopped by Jonas Hiller without a rebound.
10:49 of 1st period - Jordan Staal wins face-off versus Andrew Shaw in Sharks zone.
11:17 of 1st period - Icing by Jordan Leopold.
11:18 of 1st period - Andrew Shaw wins face-off versus Cody Hodgson in Sharks zone.
11:27 of 1st period - Shot by Viktor Stalberg.
11:27 of 1st period - Shot Misses the Net.
11:33 of 1st period - Shot by Andrew Shaw.
11:33 of 1st period - Stopped by Antti Niemi without a rebound.
11:34 of 1st period - Tyler Bozak wins face-off versus Derek Stepan in Avalanche zone.
12:35 of 1st period - Icing by Jordan Leopold.
12:36 of 1st period - Kyle Turris wins face-off versus Cody Hodgson in Sharks zone.
12:46 of 1st period - Off-side.
12:47 of 1st period - Rich Peverley wins face-off versus Radim Vrbata in neutral zone.
12:47 of 1st period - Rich Peverley is hit by Johan Franzen.
13:25 of 1st period - Jordan Staal is hit by Rob Klinkhammer and loses puck.
14:36 of 1st period - Shot by Kyle Turris.
14:36 of 1st period - Goal by Kyle Turris - Avalanche : 0 - Sharks : 1.
14:37 of 1st period - Derek Stepan wins face-off versus Kyle Turris in neutral zone.
16:07 of 1st period - Shot by Brian Gionta.
16:07 of 1st period - Stopped by Jonas Hiller without a rebound.
16:08 of 1st period - Johan Franzen wins face-off versus Tyler Bozak in Sharks zone.
16:27 of 1st period - Shot by Radim Vrbata.
16:27 of 1st period - Stopped by Jonas Hiller without a rebound.
16:28 of 1st period - Andrew Shaw wins face-off versus Derek Stepan in Sharks zone.
16:28 of 1st period - Andrew Shaw is hit by Marian Hossa.
16:46 of 1st period - Shot by Andrew Shaw.
16:46 of 1st period - Stopped by Antti Niemi with a rebound.
17:08 of 1st period - Shot by Viktor Stalberg.
17:08 of 1st period - Shot Misses the Net.
18:35 of 1st period - Shot by Marcus Johansson.
18:35 of 1st period - Shot Blocked by Mark Giordano.
18:50 of 1st period - Icing by Rob Scuderi.
18:51 of 1st period - Kyle Turris wins face-off versus Brian Gionta in Avalanche zone.
19:04 of 1st period - Shot by Marcus Johansson.
19:04 of 1st period - Shot Misses the Net.
19:06 of 1st period - Shot by Rob Scuderi.
19:06 of 1st period - Shot Misses the Net.
19:08 of 1st period - Shot by Cody Hodgson.
19:08 of 1st period - Shot Misses the Net.
19:13 of 1st period - Icing by Jordan Leopold.
19:14 of 1st period - Derek Stepan wins face-off versus Kyle Turris in Sharks zone.
19:14 of 1st period - Kevin Shattenkirk is hit by Jordan Leopold.
19:56 of 1st period - Shot by Marian Hossa.
19:56 of 1st period - Shot Misses the Net.
Goals for this period are 0 for Avalanche vs 1 for Sharks.
Shots for this period are 7 for Avalanche vs 11 for Sharks.

2nd period


0:01 of 2nd period - Cody Hodgson wins face-off versus Tyler Bozak in neutral zone.
0:10 of 2nd period - Shot by Cody Hodgson.
0:10 of 2nd period - Deflect By Marcus Johansson.
0:10 of 2nd period - Shot Blocked by Alex Tanguay.
0:14 of 2nd period - Shot by Marcus Johansson.
0:14 of 2nd period - Stopped by Jonas Hiller without a rebound.
0:15 of 2nd period - Kyle Turris wins face-off versus Jordan Staal in Sharks zone.
1:11 of 2nd period - Jordan Staal is hit by Jannik Hansen and loses puck.
1:22 of 2nd period - Shot by Alex Tanguay.
1:22 of 2nd period - Shot Misses the Net.
2:02 of 2nd period - Shot by Rob Klinkhammer.
2:02 of 2nd period - Stopped by Antti Niemi without a rebound.
2:03 of 2nd period - Andrew Shaw wins face-off versus Derek Stepan in Avalanche zone.
2:03 of 2nd period - Martin Havlat is hit by Alexei Emelin.
2:06 of 2nd period - Icing by Alexei Emelin.
2:07 of 2nd period - Derek Stepan wins face-off versus Andrew Shaw in Avalanche zone.
2:39 of 2nd period - Minor Penalty to Patrik Elias for Hooking.
2:40 of 2nd period - Derek Stepan wins face-off versus Tyler Bozak in Avalanche zone.
2:57 of 2nd period - Shot by Alex Tanguay.
2:57 of 2nd period - Shot Blocked by Michael Del Zotto.
3:26 of 2nd period - Shane Doan is hit by Kevin Shattenkirk and loses puck.
4:07 of 2nd period - Shot by Kyle Turris.
4:07 of 2nd period - Shot Misses the Net.
4:09 of 2nd period - Shot by Jordan Leopold.
4:09 of 2nd period - Stopped by Antti Niemi with a rebound.
4:11 of 2nd period - Shot by Jordan Leopold.
4:11 of 2nd period - Shot Blocked by Michael Del Zotto.
4:13 of 2nd period - Shot by Kyle Turris.
4:13 of 2nd period - Shot Misses the Net.
4:15 of 2nd period - Shot by Martin Havlat.
4:15 of 2nd period - Shot Blocked by John Carlson.
4:17 of 2nd period - Shot by Martin Havlat.
4:17 of 2nd period - Goal by Martin Havlat - Avalanche : 0 - Sharks : 2.
4:18 of 2nd period - Rich Peverley wins face-off versus Cody Hodgson in neutral zone.
4:37 of 2nd period - Shot by Rich Peverley.
4:37 of 2nd period - Shot Misses the Net.
5:10 of 2nd period - Off-side.
5:11 of 2nd period - Andrew Shaw wins face-off versus Jordan Staal in neutral zone.
5:48 of 2nd period - Jordan Staal is hit by Andrew Shaw and loses puck.
6:23 of 2nd period - Shot by Tyler Bozak.
6:23 of 2nd period - Shot Misses the Net.
6:25 of 2nd period - Shot by Alex Tanguay.
6:25 of 2nd period - Deflect By Tyler Bozak.
6:25 of 2nd period - Stopped by Antti Niemi without a rebound.
6:26 of 2nd period - Derek Stepan wins face-off versus Kyle Turris in Avalanche zone.
6:55 of 2nd period - Shot by Marian Hossa.
6:55 of 2nd period - Stopped by Jonas Hiller without a rebound.
6:56 of 2nd period - Tyler Bozak wins face-off versus Cody Hodgson in Sharks zone.
7:15 of 2nd period - Shot by Marcus Johansson.
7:15 of 2nd period - Shot Hit the Post.
8:00 of 2nd period - Off-side.
8:01 of 2nd period - Jordan Staal wins face-off versus Kyle Turris in neutral zone.
8:01 of 2nd period - Jordan Staal is hit by Ryan Malone.
8:19 of 2nd period - Shot by Jordan Leopold.
8:19 of 2nd period - Stopped by Antti Niemi without a rebound.
8:20 of 2nd period - Derek Stepan wins face-off versus Rich Peverley in Avalanche zone.
8:20 of 2nd period - Kevin Klein is hit by Rob Klinkhammer and loses puck.
8:31 of 2nd period - Shot by Rob Klinkhammer.
8:31 of 2nd period - Stopped by Antti Niemi without a rebound.
8:32 of 2nd period - Cody Hodgson wins face-off versus Kyle Turris in Avalanche zone.
8:58 of 2nd period - Shot by Cody Hodgson.
8:58 of 2nd period - Deflect By Brian Gionta.
8:58 of 2nd period - Stopped by Jonas Hiller without a rebound.
8:59 of 2nd period - Derek Stepan wins face-off versus Tyler Bozak in Sharks zone.
9:16 of 2nd period - Shot by Marian Hossa.
9:16 of 2nd period - Stopped by Jonas Hiller without a rebound.
9:17 of 2nd period - Rich Peverley wins face-off versus Jordan Staal in Sharks zone.
9:17 of 2nd period - Chris Butler is hit by Johan Franzen and loses puck.
9:41 of 2nd period - Minor Penalty to Chris Butler for Charging.
9:41 of 2nd period - Minor Penalty to Johan Franzen for Slashing.
9:42 of 2nd period - Patrik Elias wins face-off versus Alex Tanguay in Sharks zone.
10:07 of 2nd period - Shot by Marian Hossa.
10:07 of 2nd period - Deflect By Patrik Elias.
10:07 of 2nd period - Stopped by Jonas Hiller without a rebound.
10:08 of 2nd period - Tyler Bozak wins face-off versus Derek Stepan in Sharks zone.
10:25 of 2nd period - Shot by Alex Tanguay.
10:25 of 2nd period - Shot Misses the Net.
10:39 of 2nd period - Shot by Jordan Staal.
10:39 of 2nd period - Deflect By Derek Stepan.
10:39 of 2nd period - Shot Misses the Net.
10:41 of 2nd period - Shot by Derek Stepan.
10:41 of 2nd period - Stopped by Jonas Hiller without a rebound.
10:42 of 2nd period - Patrik Elias wins face-off versus Kyle Turris in Sharks zone.
11:09 of 2nd period - Shot by Shane Doan.
11:09 of 2nd period - Shot Blocked by Marian Hossa.
11:11 of 2nd period - Shot by Mark Giordano.
11:11 of 2nd period - Stopped by Antti Niemi without a rebound.
11:12 of 2nd period - Derek Stepan wins face-off versus Tyler Bozak in Avalanche zone.
11:14 of 2nd period - Icing by Michael Del Zotto.
11:15 of 2nd period - Alex Tanguay wins face-off versus Derek Stepan in Avalanche zone.
11:17 of 2nd period - Tyler Bozak is hit by John Carlson and loses puck.
11:45 of 2nd period - Marcus Johansson is hit by Mark Giordano and loses puck.
11:51 of 2nd period - Mark Giordano and Kevin Shattenkirk fight to a draw.
11:51 of 2nd period - Penalty to Mark Giordano for Fighting.
11:51 of 2nd period - Penalty to Kevin Shattenkirk for Fighting.
11:51 of 2nd period - Penalty to Mark Giordano for instigated a fight.
11:51 of 2nd period - Mark Giordano is ejected from game.
11:52 of 2nd period - Derek Stepan wins face-off versus Jannik Hansen in neutral zone.
12:33 of 2nd period - Shot by Derek Stepan.
12:33 of 2nd period - Shot Misses the Net.
12:53 of 2nd period - Shot by Jordan Staal.
12:53 of 2nd period - Shot Misses the Net.
12:55 of 2nd period - Shot by John Carlson.
12:55 of 2nd period - Shot Blocked by Michael Kostka.
13:03 of 2nd period - Shot by Radim Vrbata.
13:03 of 2nd period - Shot Misses the Net.
13:05 of 2nd period - Shot by Michael Del Zotto.
13:05 of 2nd period - Goal by Michael Del Zotto - Avalanche : 1 - Sharks : 2.
13:06 of 2nd period - Andrew Shaw wins face-off versus Cody Hodgson in neutral zone.
13:11 of 2nd period - Kevin Klein is hit by Andrew Shaw and loses puck.
13:21 of 2nd period - Cody Hodgson is hit by Michael Kostka and loses puck.
13:34 of 2nd period - Shot by Marcus Johansson.
13:34 of 2nd period - Stopped by Jonas Hiller without a rebound.
13:35 of 2nd period - Jordan Staal wins face-off versus Rich Peverley in Sharks zone.
13:36 of 2nd period - Shot by Johan Franzen.
13:36 of 2nd period - Stopped by Jonas Hiller without a rebound.
13:37 of 2nd period - Derek Stepan wins face-off versus Tyler Bozak in Sharks zone.
14:03 of 2nd period - Alex Tanguay is hit by Michael Del Zotto and loses puck.
14:06 of 2nd period - Shot by Tyler Bozak.
14:06 of 2nd period - Shot Hit the Post.
14:08 of 2nd period - Shot by Jannik Hansen.
14:08 of 2nd period - Stopped by Antti Niemi without a rebound.
14:09 of 2nd period - Jordan Staal wins face-off versus Kyle Turris in Avalanche zone.
14:09 of 2nd period - Jordan Staal is hit by Ryan Malone.
14:28 of 2nd period - Shot by Shane Doan.
14:28 of 2nd period - Stopped by Antti Niemi without a rebound.
14:29 of 2nd period - Rich Peverley wins face-off versus Marcus Johansson in Avalanche zone.
14:35 of 2nd period - Cody Hodgson is hit by Matt Niskanen.
14:46 of 2nd period - Minor Penalty to Brian Gionta for Holding Stick.
14:47 of 2nd period - Derek Stepan wins face-off versus Shane Doan in Avalanche zone.
15:02 of 2nd period - Shot by Alex Tanguay.
15:02 of 2nd period - Shot Misses the Net.
15:04 of 2nd period - Shot by Shane Doan.
15:04 of 2nd period - Stopped by Antti Niemi with a rebound.
15:06 of 2nd period - Shot by Michael Kostka.
15:06 of 2nd period - Goal by Michael Kostka - Avalanche : 1 - Sharks : 3.
15:07 of 2nd period - Rob Klinkhammer wins face-off versus Cody Hodgson in neutral zone.
15:31 of 2nd period - Shot by Drew Stafford.
15:31 of 2nd period - Stopped by Antti Niemi without a rebound.
15:32 of 2nd period - Tyler Bozak wins face-off versus Derek Stepan in Avalanche zone.
15:57 of 2nd period - Shot by Tyler Bozak.
15:57 of 2nd period - Deflect By Alex Tanguay.
15:57 of 2nd period - Shot Misses the Net.
16:39 of 2nd period - Kyle Turris is hit by Michael Del Zotto.
16:53 of 2nd period - Shot by Jordan Staal.
16:53 of 2nd period - Shot Blocked by Ryan Malone.
17:03 of 2nd period - Shot by Jordan Staal.
17:03 of 2nd period - Deflect By Radim Vrbata.
17:03 of 2nd period - Shot Misses the Net.
17:33 of 2nd period - Shot by Brian Gionta.
17:33 of 2nd period - Stopped by Jonas Hiller without a rebound.
17:34 of 2nd period - Tyler Bozak wins face-off versus Cody Hodgson in Sharks zone.
18:13 of 2nd period - Marcus Johansson is hit by Jannik Hansen and loses puck.
18:39 of 2nd period - Shot by Andrew Shaw.
18:39 of 2nd period - Shot Misses the Net.
18:41 of 2nd period - Shot by Martin Havlat.
18:41 of 2nd period - Shot Misses the Net.
18:43 of 2nd period - Shot by Viktor Stalberg.
18:43 of 2nd period - Stopped by Antti Niemi without a rebound.
18:44 of 2nd period - Derek Stepan wins face-off versus Rich Peverley in Avalanche zone.
18:52 of 2nd period - Shot by Derek Stepan.
18:52 of 2nd period - Stopped by Jonas Hiller without a rebound.
18:53 of 2nd period - Derek Stepan wins face-off versus Kyle Turris in Sharks zone.
18:56 of 2nd period - Shot by Patrik Elias.
18:56 of 2nd period - Stopped by Jonas Hiller without a rebound.
18:57 of 2nd period - Derek Stepan wins face-off versus Tyler Bozak in Sharks zone.
19:04 of 2nd period - Shot by Patrik Elias.
19:04 of 2nd period - Stopped by Jonas Hiller without a rebound.
19:05 of 2nd period - Tyler Bozak wins face-off versus Derek Stepan in Sharks zone.
19:05 of 2nd period - Tyler Bozak is hit by Derek Stepan.
19:28 of 2nd period - Off-side.
19:29 of 2nd period - Jordan Staal wins face-off versus Kyle Turris in neutral zone.
19:36 of 2nd period - Shot by Jordan Staal.
19:36 of 2nd period - Stopped by Jonas Hiller without a rebound.
19:37 of 2nd period - Jordan Staal wins face-off versus Kyle Turris in Sharks zone.
Goals for this period are 1 for Avalanche vs 2 for Sharks.
Shots for this period are 14 for Avalanche vs 13 for Sharks.

3rd period


0:01 of 3rd period - Derek Stepan wins face-off versus Tyler Bozak in neutral zone.
0:29 of 3rd period - Shot by Tyler Bozak.
0:29 of 3rd period - Shot Misses the Net.
0:55 of 3rd period - Alex Tanguay is hit by Johan Franzen and loses puck.
2:15 of 3rd period - Off-side.
2:16 of 3rd period - Rich Peverley wins face-off versus Derek Stepan in neutral zone.
2:19 of 3rd period - Shot by Matt Niskanen.
2:19 of 3rd period - Stopped by Antti Niemi without a rebound.
2:20 of 3rd period - Derek Stepan wins face-off versus Rich Peverley in Avalanche zone.
2:36 of 3rd period - Icing by Matt Niskanen.
2:37 of 3rd period - Rich Peverley wins face-off versus Jordan Staal in Sharks zone.
2:37 of 3rd period - Rich Peverley is hit by Jordan Staal.
2:55 of 3rd period - Shot by Radim Vrbata.
2:55 of 3rd period - Stopped by Jonas Hiller without a rebound.
2:56 of 3rd period - Derek Stepan wins face-off versus Kyle Turris in Sharks zone.
3:03 of 3rd period - Shot by Derek Stepan.
3:03 of 3rd period - Shot Misses the Net.
3:05 of 3rd period - Shot by Patrik Elias.
3:05 of 3rd period - Shot Blocked by Matt Niskanen.
3:17 of 3rd period - Shot by Kyle Turris.
3:17 of 3rd period - Stopped by Antti Niemi without a rebound.
3:18 of 3rd period - Jordan Staal wins face-off versus Andrew Shaw in Avalanche zone.
3:39 of 3rd period - Shot by Radim Vrbata.
3:39 of 3rd period - Shot Misses the Net.
3:55 of 3rd period - Shot by Jordan Staal.
3:55 of 3rd period - Stopped by Jonas Hiller without a rebound.
3:56 of 3rd period - Kyle Turris wins face-off versus Derek Stepan in Sharks zone.
4:34 of 3rd period - Minor Penalty to Derek Stepan for Hooking.
4:35 of 3rd period - Brian Gionta wins face-off versus Shane Doan in Avalanche zone.
4:39 of 3rd period - Jordan Staal is hit by Shane Doan and loses puck.
4:51 of 3rd period - Jordan Leopold is hit by Jordan Staal and loses puck.
5:21 of 3rd period - Icing by Matt Niskanen.
5:22 of 3rd period - Cody Hodgson wins face-off versus Kyle Turris in Sharks zone.
5:25 of 3rd period - Shot by Jordan Staal.
5:25 of 3rd period - Stopped by Jonas Hiller without a rebound.
5:26 of 3rd period - Kyle Turris wins face-off versus Brian Gionta in Sharks zone.
5:30 of 3rd period - Off-side.
5:31 of 3rd period - Kyle Turris wins face-off versus Brian Gionta in neutral zone.
5:38 of 3rd period - Shot by Kyle Turris.
5:38 of 3rd period - Stopped by Antti Niemi without a rebound.
5:39 of 3rd period - Brian Gionta wins face-off versus Kyle Turris in Avalanche zone.
6:08 of 3rd period - Shot by Michael Kostka.
6:08 of 3rd period - Deflect By Kyle Turris.
6:08 of 3rd period - Shot Blocked by Brian Gionta.
6:10 of 3rd period - Shot by Jannik Hansen.
6:10 of 3rd period - Shot Misses the Net.
6:33 of 3rd period - Icing by Tyler Bozak.
6:34 of 3rd period - Rich Peverley wins face-off versus Marian Hossa in Sharks zone.
6:34 of 3rd period - Rich Peverley is hit by Patrik Elias.
7:04 of 3rd period - Shot by Derek Stepan.
7:04 of 3rd period - Shot Misses the Net.
7:12 of 3rd period - Shot by Marian Hossa.
7:12 of 3rd period - Shot Blocked by Kyle Quincey.
7:14 of 3rd period - Shot by Derek Stepan.
7:14 of 3rd period - Stopped by Jonas Hiller without a rebound.
7:15 of 3rd period - Andrew Shaw wins face-off versus Cody Hodgson in Sharks zone.
7:15 of 3rd period - Andrew Shaw is hit by Marcus Johansson.
7:56 of 3rd period - Minor Penalty to Jordan Leopold for Holding.
7:56 of 3rd period - Minor Penalty to Marcus Johansson for Roughing.
7:57 of 3rd period - Tyler Bozak wins face-off versus Patrik Elias in Sharks zone.
10:05 of 3rd period - Marcus Johansson is hit by Jordan Leopold and loses puck.
10:18 of 3rd period - Shot by Marcus Johansson.
10:18 of 3rd period - Stopped by Jonas Hiller with a rebound.
10:30 of 3rd period - Shot by Marcus Johansson.
10:30 of 3rd period - Shot Blocked by Jordan Leopold.
10:32 of 3rd period - Shot by Brian Gionta.
10:32 of 3rd period - Goal by Brian Gionta - Avalanche : 2 - Sharks : 3.
10:33 of 3rd period - Andrew Shaw wins face-off versus Derek Stepan in neutral zone.
10:41 of 3rd period - Icing by Kevin Klein.
10:42 of 3rd period - Derek Stepan wins face-off versus Andrew Shaw in Avalanche zone.
10:50 of 3rd period - Icing by Jordan Leopold.
10:51 of 3rd period - Jordan Staal wins face-off versus Andrew Shaw in Sharks zone.
10:51 of 3rd period - Jordan Staal is hit by Kyle Quincey.
11:17 of 3rd period - Shot by Radim Vrbata.
11:17 of 3rd period - Shot Misses the Net.
11:27 of 3rd period - Shot by Radim Vrbata.
11:27 of 3rd period - Shot Misses the Net.
11:29 of 3rd period - Shot by John Carlson.
11:29 of 3rd period - Stopped by Jonas Hiller without a rebound.
11:30 of 3rd period - Derek Stepan wins face-off versus Tyler Bozak in Sharks zone.
11:35 of 3rd period - Shot by Marian Hossa.
11:35 of 3rd period - Goal by Marian Hossa - Avalanche : 3 - Sharks : 3.
11:36 of 3rd period - Marian Hossa wins face-off versus Tyler Bozak in neutral zone.
12:14 of 3rd period - Icing by Marian Hossa.
12:15 of 3rd period - Derek Stepan wins face-off versus Kyle Turris in Avalanche zone.
12:15 of 3rd period - Derek Stepan is hit by Shane Doan.
12:23 of 3rd period - Kevin Klein is hit by Kyle Quincey and loses puck.
12:34 of 3rd period - Shot by Shane Doan.
12:34 of 3rd period - Shot Misses the Net.
12:53 of 3rd period - Derek Stepan is hit by Shane Doan and loses puck.
13:22 of 3rd period - Shot by Radim Vrbata.
13:22 of 3rd period - Stopped by Jonas Hiller with a rebound.
13:34 of 3rd period - Shot by Radim Vrbata.
13:34 of 3rd period - Shot Misses the Net.
13:36 of 3rd period - Shot by Radim Vrbata.
13:36 of 3rd period - Stopped by Jonas Hiller with a rebound.
13:38 of 3rd period - Shot by Radim Vrbata.
13:38 of 3rd period - Shot Misses the Net.
13:40 of 3rd period - Shot by Johan Franzen.
13:40 of 3rd period - Shot Blocked by Michael Kostka.
13:56 of 3rd period - Shot by Marcus Johansson.
13:56 of 3rd period - Shot Hit the Post.
14:31 of 3rd period - Shot by Alexei Emelin.
14:31 of 3rd period - Shot Misses the Net.
14:52 of 3rd period - Icing by Derek Stepan.
14:53 of 3rd period - Andrew Shaw wins face-off versus Kevin Porter in Avalanche zone.
15:39 of 3rd period - Icing by Jordan Staal.
15:40 of 3rd period - Jordan Staal wins face-off versus Kyle Turris in Avalanche zone.
16:17 of 3rd period - Kevin Klein is hit by Ryan Malone and loses puck.
18:18 of 3rd period - Shot by Kyle Turris.
18:18 of 3rd period - Shot Misses the Net.
18:20 of 3rd period - Shot by Jordan Leopold.
18:20 of 3rd period - Stopped by Antti Niemi without a rebound.
18:21 of 3rd period - Andrew Shaw wins face-off versus Patrik Elias in Avalanche zone.
18:22 of 3rd period - Shot by Viktor Stalberg.
18:22 of 3rd period - Shot Misses the Net.
18:37 of 3rd period - Icing by Derek Stepan.
18:38 of 3rd period - Kyle Turris wins face-off versus Derek Stepan in Avalanche zone.
18:42 of 3rd period - Icing by Michael Del Zotto.
18:43 of 3rd period - Derek Stepan wins face-off versus Kyle Turris in Avalanche zone.
19:09 of 3rd period - Off-side.
19:10 of 3rd period - Jordan Staal wins face-off versus Tyler Bozak in neutral zone.
19:54 of 3rd period - Jordan Staal is hit by Jordan Leopold and loses puck.
Goals for this period are 2 for Avalanche vs 0 for Sharks.
Shots for this period are 10 for Avalanche vs 4 for Sharks.

Overtime #1


0:01 of 1st overtime period - Derek Stepan wins face-off versus Tyler Bozak in neutral zone.
0:22 of 1st overtime period - Shot by Derek Stepan.
0:22 of 1st overtime period - Stopped by Jonas Hiller with a rebound.
0:24 of 1st overtime period - Shot by Patrik Elias.
0:24 of 1st overtime period - Shot Hit the Post.
0:26 of 1st overtime period - Shot by Michael Del Zotto.
0:26 of 1st overtime period - Stopped by Jonas Hiller with a rebound.
0:28 of 1st overtime period - Shot by John Carlson.
0:28 of 1st overtime period - Shot Misses the Net.
0:30 of 1st overtime period - Shot by Marian Hossa.
0:30 of 1st overtime period - Shot Misses the Net.
0:42 of 1st overtime period - Shot by Patrik Elias.
0:42 of 1st overtime period - Shot Misses the Net.
0:44 of 1st overtime period - Shot by Michael Del Zotto.
0:44 of 1st overtime period - Shot Misses the Net.
0:46 of 1st overtime period - Shot by Marian Hossa.
0:46 of 1st overtime period - Stopped by Jonas Hiller with a rebound.
1:18 of 1st overtime period - Shot by Johan Franzen.
1:18 of 1st overtime period - Stopped by Jonas Hiller with a rebound.
1:31 of 1st overtime period - Shot by Radim Vrbata.
1:31 of 1st overtime period - Stopped by Jonas Hiller without a rebound.
1:32 of 1st overtime period - Rich Peverley wins face-off versus Cody Hodgson in Sharks zone.
2:10 of 1st overtime period - Shot by Marcus Johansson.
2:10 of 1st overtime period - Shot Blocked by Matt Niskanen.
2:14 of 1st overtime period - Shot by Brian Gionta.
2:14 of 1st overtime period - Goal by Brian Gionta - Avalanche : 4 - Sharks : 3.
Goals for this period are 1 for Avalanche vs 0 for Sharks.
Shots for this period are 6 for Avalanche vs 0 for Sharks.


Output by the SimonT Hockey Simulator (STHS) for Stephane Roy -- Original Page W3C XHTML 1.0 Valid
Hockey Simulator - Hockey Simulation - Hockey Manager